 Dungeon Crawl Stone Soup version 0.29.0-4-gdea44cf6ec (webtiles) character file.

Game seed: 5814988136997379623

72 qw the Chopper (level 4, -1/26 HPs)
             Began as a Tengu Warper on Aug 28, 2022.
             Slain by a black bear (5 damage)
             ... on level 3 of the Dungeon.
             The game lasted 00:00:12 (2763 turns).

qw the Chopper (Tengu Warper)                       Turns: 2763, Time: 00:00:13

Health: -1/26      AC:  5    Str: 13    XL:     4   Next: 25%
Magic:  8/8        EV: 11    Int: 13    God:
Gold:   67         SH:  0    Dex: 14    Spells: 7/7 levels left

rFire   + . .      SeeInvis .   Y - +0 hand axe
rCold   + . .      Faith    .   (no shield)
rNeg    . . .      Spirit   .   h - +0 ring mail
rPois   .          Reflect  .   (helmet restricted)
rElec   .          Harm     .   j - scarf {rC+ rF+}
rCorr   .          Rampage  .   (no gloves)
Will    .....                   (boots unavailable)
Stlth   +.........              (no amulet)
HPRegen 0.08/turn               (no ring)
MPRegen 0.11/turn               (no ring)

@: no status effects
A: beak, talons 3
a: no special abilities


You were on level 3 of the Dungeon.
You visited 1 branch of the dungeon, and saw 3 of its levels.

You collected 67 gold pieces.


Innate Abilities, Weirdness & Mutations

You have a beak for a mouth.
You have claws for feet.


   Skills:
 - Level 2.0 Fighting
 + Level 4.8 Axes
 - Level 1.0 Throwing
 - Level 1.1 Armour
 - Level 2.1 Dodging
 - Level 2.0 Spellcasting
 - Level 2.4 Translocations


You had 7 spell levels left.
You didn't know any spells.
Your spell library contained the following spells:

 Spells                   Type           Power      Damage    Failure   Level
 Blink                    Tloc           14%        N/A       30%         2
 Gell's Gravitas          Tloc           7%         N/A       52%         3
 Lesser Beckoning         Tloc           7%         N/A       52%         3
 Teleport Other           Tloc           7%         N/A       52%         3
 Manifold Assault         Tloc           7%         N/A       99%         5

Inventory:

Hand Weapons
 i - a +0 club
 Y - a +0 hand axe (weapon)
Armour
 h - a +0 ring mail (worn)
 j - a scarf of resistance (worn)
Scrolls
 a - a scroll of teleportation
 b - a scroll of summoning {unknown}
 c - a scroll of identify
Potions
 e - 2 potions of curing
 f - a potion of brilliance {unknown}
 g - a potion of mutation {unknown}
 m - a potion of flight {unknown}
 n - a potion of attraction {unknown}

Dungeon Overview and Level Annotations

Branches:
Dungeon (3/15)

Altars:
Dithmenos
Wu Jian


Message History

The black bear claws you but does no damage.
The black bear claws you.
You closely miss the black bear. You claw the black bear.
The black bear is moderately wounded.
The black bear bites you but does no damage.
The black bear misses you. x2
You hit the black bear.
The black bear is heavily wounded.
The black bear bites you but does no damage.
The black bear claws you. x2
You hit the black bear.
You peck the black bear, but do no damage.
The black bear is severely wounded.
The black bear bites you. The black bear barely misses you.
The black bear claws you but does no damage.
You hit the black bear. Your peck misses the black bear.
The black bear is almost dead.
The black bear goes berserk!
You closely miss the black bear.
You claw the black bear, but do no damage.
You peck the black bear.
The black bear is almost dead.
The black bear bites you but does no damage.
The black bear claws you.
The black bear claws you but does no damage.
The black bear bites you.
The black bear claws you but does no damage.
The black bear claws you.
You hit the black bear.
You peck the black bear, but do no damage.
The black bear is almost dead.
The black bear barely misses you. The black bear claws you.
The black bear closely misses you.
You hit the black bear.
You claw the black bear, but do no damage.
You peck the black bear, but do no damage.
The black bear is almost dead.
The black bear barely misses you. The black bear claws you.
The black bear misses you. The black bear bites you. The black bear claws you.
You die...

..###.#....###..
......%.##.## .#
~~~~~¤~¤.#... ..
.(....~..#.###.
~~~~~.~..#.# .
~...~.~....#.#
~._.~.~...)#.#
~....¤~....h.###.#
~~~~~.~...@(>....#
.....~.#.########
~~~¤~~...#
......?..#
##########


You could see a black bear (berserk).

Vanquished Creatures
  2 adders (D:2)
  4 dart slugs
  An orc (D:3)
  4 bats
  2 endoplasms
  A giant cockroach (D:2)
  4 goblins
  A hobgoblin (D:2)
  3 jackals (D:1)
  3 quokkas (D:1)
  7 ball pythons (D:1)
  3 frilled lizards
  4 kobolds
  5 rats
44 creatures vanquished.

Notes
Turn   | Place    | Note
-------+----------+-------------------------------------------
     0 | D:1      | qw the Tengu Warper began the quest for the Orb.
     0 | D:1      | Reached XP level 1. HP: 12/12 MP: 4/4
     0 | D:1      | 0 ||| qw: Version: 0.1-a-89-g26bdef1
     0 | D:1      | 0 ||| qw: Game counter: 527
     0 | D:1      | 0 ||| qw: Always use a shield: true
     0 | D:1      | 0 ||| qw: God list: Okawaru
     0 | D:1      | 0 ||| qw: Allow faded altars: false
     0 | D:1      | 0 ||| qw: Do Orc after D:15 true
     0 | D:1      | 0 ||| qw: Do second Lair branch before Depths: true
     0 | D:1      | 0 ||| qw: Lair rune preference: random
     0 | D:1      | 0 ||| qw: Plans: Normal
     0 | D:1      | 0 ||| PLANNING D:1-11
   239 | D:1      | Reached skill level 3 in Axes
   239 | D:1      | Reached XP level 2. HP: 17/17 MP: 6/6
   241 | D:1      | 241 ||| Stepping ~*~*~tactically~*~*~ (stealth).
   492 | D:1      | 492 ||| Stepping ~*~*~tactically~*~*~ (hiding).
   494 | D:1      | 494 ||| Stepping ~*~*~tactically~*~*~ (hiding).
   814 | D:1      | 814 ||| Stepping ~*~*~tactically~*~*~ (stealth).
   822 | D:1      | Reached XP level 3. HP: 18/21 MP: 7/7
  1087 | D:1      | Reached skill level 4 in Axes
  1204 | D:1      | 1204 ||| UPGRADING to +0 ring mail.
  1214 | D:1      | 1214 ||| DROPPING +0 leather armour.
  1215 | D:1      | 1215 ||| UPGRADING to scarf of resistance.
  1220 | D:1      | 1220 ||| READING scroll labelled FOUXZA XAUM.
  1221 | D:1      | 1221 ||| READING scroll labelled IKHUCU MARPH.
  1222 | D:1      | 1222 ||| READING scroll labelled NEDEHY VYTZOJI.
  1223 | D:1      | 1223 ||| READING scroll labelled PUONUKUCET.
  1224 | D:1      | 1224 ||| DRINKING 3 coppery potions.
  1225 | D:1      | 1225 ||| DROPPING scroll of blinking.
  1604 | D:2      | Reached XP level 4. HP: 18/26 MP: 8/8
  1619 | D:2      | 1619 ||| FLEEEEING.
  1620 | D:2      | 1620 ||| FLEEEEING.
  1621 | D:2      | 1621 ||| FLEEEEING.
  1622 | D:2      | 1622 ||| FLEEEEING.
  1623 | D:2      | 1623 ||| FLEEEEING.
  1624 | D:2      | 1624 ||| FLEEEEING.
  1772 | D:2      | Found a shadowy altar of Dithmenos.
  2244 | D:2      | 2244 ||| Stepping ~*~*~tactically~*~*~ (stealth).
  2285 | D:2      | 2285 ||| READING scroll labelled CEUDUB TAEXAU.
  2286 | D:2      | 2286 ||| READING scroll labelled ELAZICROAZU.
  2289 | D:2      | 2289 ||| READING scroll labelled YLULUS CIRGHIAQ.
  2290 | D:2      | 2290 ||| Stepping randomly (stuck).
  2291 | D:2      | 2291 ||| Stepping ~*~*~tactically~*~*~ (cloud).
  2635 | D:3      | Found an ornate altar of the Wu Jian Council.
  2638 | D:3      | 2638 ||| Stepping ~*~*~tactically~*~*~ (hiding).
  2639 | D:3      | 2639 ||| Stepping ~*~*~tactically~*~*~ (hiding).
  2725 | D:3      | 2725 ||| Stepping ~*~*~tactically~*~*~ (stealth).
  2752 | D:3      | Noticed a black bear
  2763 | D:3      | HP: 6/26 [black bear (3)]
  2763 | D:3      | Slain by a black bear

Levels and vault maps discovered:
D:1:      heliophobic_arrival_ceremonial_halls, layout_loops_cross
D:2:      layout_basic, basic_altar
D:3:      layout_basic, mainiacjoe_overflow_concentric_impassable,
          basic_ecumenical_altar, uniq_ijyb

Skill      XL: |  1  2  3 |
---------------+----------+-----
Axes           | 3 4 |  4.8
Fighting       | |  2.0
Throwing       | |  1.0
Armour         | |  1.1
Dodging        | |  2.1
Spellcasting   | |  2.0
Translocations | |  2.4

Action                   |  1- 3 |  4- 6 || total
-------------------------+-------+-------++-------
Melee: Hand axe          |    75 |    30 ||   105
       Kick              |    13 |     9 ||    22
       Peck              |     6 |     8 ||    14
Throw: Boomerang         |     7 |       ||     7
       Javelin           |       |     6 ||     6
  Use: Scroll            |     4 |     3 ||     7
       Potion            |     1 |       ||     1
Armor: Leather armour    |    10 |       ||    10
       Ring mail         |     6 |    14 ||    20
Dodge: Dodged            |    36 |    17 ||    53

Table legend:
 A = Non-vault XP
 B = Vault XP
 C = Vault XP percentage of total XP
 D = Non-vault monster count
 E = Vault monster count
 F = Vault count percentage of total count
                 A         B        C        D         E       F
            +---------+---------+-------+---------+---------+-------
      Total |     103 |       0 |   0.0 |      44 |       0 |   0.0
            +---------+---------+-------+---------+---------+-------
        D:1 |      47 |       0 |   0.0 |      25 |       0 |   0.0
        D:2 |      47 |       0 |   0.0 |      15 |       0 |   0.0
        D:3 |       9 |       0 |   0.0 |       4 |       0 |   0.0
            +---------+---------+-------+---------+---------+-------
